 Dungeon Crawl Stone Soup version 0.23.1 (webtiles) character file.

Game seed: 15912621037072937081

260 Freyura the Shield-Bearer (level 6, -1/39 HPs)
             Began as a Gargoyle Fighter on Mar 16, 2019.
             Slain by an ogre
             ... wielding a cursed -2 giant spiked club
              (23 damage)
             ... on level 6 of the Dungeon.
             The game lasted 00:11:04 (2880 turns).

Freyura the Shield-Bearer (Gargoyle Fighter)        Turns: 2880, Time: 00:11:05

Health: -1/39      AC: 16    Str: 24    XL:     6   Next: 17%
Magic:  6/6        EV:  2    Int:  9    God:
Gold:   190        SH: 15    Dex: 11    Spells: 5/5 levels left

rFire    . . .     SeeInvis .   a - +0 flail
rCold    . . .     Gourm    .   k - +0 large shield
rNeg     + . .     Faith    .   m - +0 plate armour
rPois    ∞         Spirit   .   (no helmet)
rElec    +         Reflect  .   (no cloak)
rCorr    .         Harm     .   (no gloves)
MR       .....                  (no boots)
Stlth    ..........             (no amulet)
HPRegen  0.13/turn              r - ring of wizardry
MPRegen  0.10/turn              (no ring)

@: mighty
A: negative energy resistance 1, electricity resistance, unbreathing,
petrification resistance, rot immunity, AC +4
a: no special abilities


You were on level 6 of the Dungeon.
You were not hungry.

You visited 1 branch of the dungeon, and saw 6 of its levels.

You collected 190 gold pieces.

Inventory:

Hand Weapons
 a - a +0 flail (weapon)
 b - a +2 whip of electrocution
Armour
 k - a +0 large shield (worn)
 m - a +0 plate armour (worn)
Jewellery
 r - a ring of wizardry (left hand)
Wands
 w - a wand of polymorph (8)
Scrolls
 e - a scroll of immolation {unknown}
 g - 2 scrolls of fear {unknown}
 h - 2 scrolls of enchant armour {unknown}
 i - 4 scrolls of remove curse {unknown}
 j - 3 scrolls of identify {unknown}
 q - 2 scrolls of amnesia {unknown}
 t - a scroll of fog {unknown}
 x - a scroll of teleportation {unknown}
Potions
 c - a potion of magic {unknown}
 l - 2 potions of agility {unknown}
 n - 2 potions of flight {unknown}
 o - 2 potions of degeneration {unknown}
 p - a potion of curing {unknown}
 s - 2 potions of heal wounds {unknown}
 u - a potion of experience {unknown}
 v - a potion of mutation {unknown}
Comestibles
 f - 3 rations


   Skills:
 + Level 4.4 Fighting
 * Level 4.2 Maces & Flails
 + Level 4.3 Armour
 + Level 4.4 Shields


You had 5 spell levels left.
You didn't know any spells.
Your spell library contained the following spells:

 Spells                   Type           Power        Failure   Level  Hunger
 Beastly Appendage        Tmut           #.....       100%        1    ##.....
 Sticks to Snakes         Tmut           #.......     100%        2    ###....
 Spider Form              Tmut/Pois      #.........   100%        3    ####...
 Ice Form                 Ice/Tmut       #.......     100%        4    #####..
 Blade Hands              Tmut           #.........   100%        5    ######.


Dungeon Overview and Level Annotations

Branches:
Dungeon (7/15)
 Temple: D:4-7

Altars:
Nemelex Xobeh
Trog

Annotations:
D:7 1 transporter


Innate Abilities, Weirdness & Mutations

You are resistant to torment.
Your stone body is resilient. (AC +4)
You are immune to poison.
You resist negative energy. (rN+)
You are resistant to electric shocks. (rElec)
You can survive without breathing.
You are immune to petrification.
You are immune to rotting.


Message History

You feel very mighty all of a sudden.
The killer bee zombie hits you but does no damage.
The worker ant bites you but does no damage.
You block the centaur's attack. You block the ogre's attack.
The killer bee zombie hits you but does no damage.
You block the worker ant's attack.
No missiles available.
Use F to throw any item.
No missiles available.
Use F to throw any item.
No missiles available.
Use F to throw any item.
No missiles available.
Use F to throw any item.
No missiles available.
Use F to throw any item.
You sock the ogre!
The ogre is severely wounded.
The killer bee zombie hits you but does no damage.
The centaur hits you but does no damage.
You block the killer bee zombie's attack.
The centaur hits you but does no damage.
The ogre hits you with a cursed -2 giant spiked club!!
Ouch! That really hurt!
You die...

#####.. .......
.......#........
..<............)
................
................
.......#........##.
......c#O.%........
......a@.........#####
.....#Z#(######......##
.........(..##........##
#..#...................#
##......(...........#
##......(....>.....#
.....................
.#...................
#...................#


You could see an ogre, a centaur, a worker ant and a killer bee zombie.

Vanquished Creatures
  An ogre (D:4)
  2 worker ants (D:4)
  4 adders
  An ooze (D:3)
  A worm (D:4)
  5 dart slugs
  A leopard gecko (D:3)
  3 orcs (D:3)
  3 ball pythons
  2 giant cockroaches
  3 goblins
  14 hobgoblins
  14 jackals
  A quokka (D:6)
  6 bats
  3 frilled lizards
  5 kobolds
  9 rats
78 creatures vanquished.

Vanquished Creatures (others)
  A wizard (D:3)
1 creature vanquished.

Grand Total: 79 creatures vanquished

Notes
Turn   | Place    | Note
-------+----------+-------------------------------------------
     0 | D:1      | Freyura the Gargoyle Fighter began the quest for the Orb.
     0 | D:1      | Reached XP level 1. HP: 14/14 MP: 1/1
    36 | D:1      | Reached XP level 2. HP: 11/19 MP: 2/2
   461 | D:1      | Reached XP level 3. HP: 22/23 MP: 3/3
  1254 | D:2      | Reached XP level 4. HP: 29/29 MP: 4/4
  1968 | D:3      | Found a bloodstained altar of Trog.
  1971 | D:3      | Noticed a wizard
  1977 | D:3      | Killed a wizard
  2228 | D:3      | Reached XP level 5. HP: 31/33 MP: 5/5
  2429 | D:4      | Noticed an ogre
  2446 | D:4      | Killed an ogre
  2727 | D:4      | Found a sparkling altar of Nemelex Xobeh.
  2762 | D:4      | Reached XP level 6. HP: 33/38 MP: 6/6
  2854 | D:4      | You fall through a shaft for 3 floors!
  2854 | D:7      | Found a transporter.
  2880 | D:6      | Slain by an ogre

Skill      XL: |  1  2  3  4  5 |
---------------+----------------+-----
Maces & Flails | 3 4 |  4.2
Shields        | 4 |  4.4
Fighting       | 4 |  4.4
Armour         | 4 |  4.3

Action                   |  1- 3 |  4- 6 || total
-------------------------+-------+-------++-------
Melee: Flail             |   172 |   210 ||   382
  Use: Potion            |       |     1 ||     1
  Eat: Chunk             |     1 |     1 ||     2
       Ration            |       |     2 ||     2
Armor: Scale mail        |    75 |       ||    75
       Plate armour      |    42 |   144 ||   186
Dodge: Dodged            |    48 |     7 ||    55
Block: Shield            |    76 |       ||    76
       Large shield      |    48 |   156 ||   204
